SNL (28 & UNDER)
BLACKIRON DRAGONS @ MEMPHIS BLUES
08/18/2029
 
TOP OF THE 1ST
BlackIron Dragons batting - Pitching for Memphis Blues : LHP Ramón Vázquez
Pitching: LHP Ramón Vázquez
Batting: RHB Jimmy King 0-0: Ball
1-0: Foul Ball, location: 2F
1-1: Ground out 6-3 (Groundball, 6M)
Batting: RHB Joaquín Valenzuela 0-0: Called Strike
0-1: Ball
1-1: Foul Ball, location: 2F
1-2: SINGLE (Flyball, 9S)
Batting: SHB Félix Montoya 0-0: Called Strike
0-1: Ball
1-1: Fly out, F7 (Flyball, 78S)
Batting: RHB Roderick Silva 0-0: Foul Ball, location: 2F
0-1: Ball
1-1: Ball
2-1: Ball
3-1: SINGLE (Line Drive, 9S)
Joaquín Valenzuela to second
Batting: LHB Miguel Barrón 0-0: Called Strike
0-1: Ball
1-1: Ball
2-1: Ball
3-1: Base on Balls
Joaquín Valenzuela to third
Roderick Silva to second
Batting: RHB Millard Long 0-0: Ground out U3 (Groundball, 3)
Top of the 1st over - 0 runs, 2 hits, 0 errors, 3 left on base; BlackIron 0 - Memphis 0
BOTTOM OF THE 1ST
Memphis Blues batting - Pitching for BlackIron Dragons : RHP Silvio Fiermonte
Pitching: RHP Silvio Fiermonte
Batting: LHB Armando Domínguez 0-0: Called Strike
0-1: Ball
1-1: Called Strike
1-2: Foul Ball, location: 2F
1-2: Foul Ball, location: 2F
1-2: Foul Ball, location: 2F
1-2: Ball
2-2: Foul Ball, location: 2F
2-2: Ball
3-2: Strikes out looking
Batting: RHB Jesús Sánchez 0-0: Foul Ball, location: 2F
0-1: SINGLE (Groundball, 6MD)
Batting: LHB Weston Chaney 0-0: Called Strike
0-1: Ball
1-1: Ball
2-1: Called Strike
2-2: Foul Ball, location: 2F
2-2: Ball
3-2: Grounds into double play, 4-6-3 (Groundball, 34)
Bottom of the 1st over - 0 runs, 1 hit, 0 errors, 0 left on base; BlackIron 0 - Memphis 0
TOP OF THE 2ND
BlackIron Dragons batting - Pitching for Memphis Blues : LHP Ramón Vázquez
Batting: RHB Júlio Rodríguez 0-0: Ball
1-0: Ball
2-0: Ball
3-0: Called Strike
3-1: Base on Balls
Batting: RHB Jesús Castillo 0-0: Swinging Strike
0-1: Ball
1-1: Ball
2-1: Called Strike
2-2: Strikes out swinging
Batting: RHB Randall Walker 0-0: Ball
1-0: Swinging Strike
1-1: Ball
2-1: Foul Ball, location: 2F
2-2: Ball
3-2: Strikes out looking
Batting: RHB Jimmy King 0-0: Called Strike
0-1: Fly out, F8 (Flyball, 8LS)
Top of the 2nd over - 0 runs, 0 hits, 0 errors, 1 left on base; BlackIron 0 - Memphis 0
BOTTOM OF THE 2ND
Memphis Blues batting - Pitching for BlackIron Dragons : RHP Silvio Fiermonte
Batting: LHB Brenton Carter 0-0: Foul Ball, location: 2F
0-1: Ground out U3 (Groundball, 34S)
Batting: RHB Julian Lee 0-0: Called Strike
0-1: Ball
1-1: Called Strike
1-2: Strikes out swinging
Batting: SHB José Velásquez 0-0: Fly out, F7 (Flyball, 7S)
Bottom of the 2nd over - 0 runs, 0 hits, 0 errors, 0 left on base; BlackIron 0 - Memphis 0
TOP OF THE 3RD
BlackIron Dragons batting - Pitching for Memphis Blues : LHP Ramón Vázquez
Batting: RHB Joaquín Valenzuela 0-0: Foul Ball, location: 2F
0-1: Ball
1-1: Foul Ball, location: 2F
1-2: SINGLE (Line Drive, 8RS)
Batting: SHB Félix Montoya 0-0: Ball
1-0: SINGLE (Line Drive, 89S)
Joaquín Valenzuela to second
Batting: RHB Roderick Silva 0-0: Ball
1-0: Ball
2-0: Ball
3-0: Base on Balls
Joaquín Valenzuela to third
Félix Montoya to second
Batting: LHB Miguel Barrón 0-0: Called Strike
0-1: Ball
1-1: Foul Ball, location: 2F
1-2: Grounds into double play, 4-6-3 (Groundball, 4)
Joaquín Valenzuela scores
Félix Montoya to third
Batting: RHB Millard Long 0-0: Called Strike
0-1: Ball
1-1: Foul Ball, location: 2F
1-2: Strikes out looking
Top of the 3rd over - 1 run, 2 hits, 0 errors, 1 left on base; BlackIron 1 - Memphis 0
BOTTOM OF THE 3RD
Memphis Blues batting - Pitching for BlackIron Dragons : RHP Silvio Fiermonte
Batting: RHB Dennis Mays 0-0: Ball
1-0: Ground out 6-3 (Groundball, 6)
Batting: RHB Leopoldo Horgan 0-0: Ball
1-0: Swinging Strike
1-1: Foul Ball, location: 2F
1-2: Strikes out swinging
Batting: RHB Larry Crawford 0-0: Called Strike
0-1: SINGLE (Line Drive, 89S)
Batting: LHB Armando Domínguez 0-0: Ball
1-0: Called Strike
1-1: Swinging Strike
1-2: Ball
2-2: Fly out, F3 (Line Drive, 34)
Bottom of the 3rd over - 0 runs, 1 hit, 0 errors, 1 left on base; BlackIron 1 - Memphis 0
TOP OF THE 4TH
BlackIron Dragons batting - Pitching for Memphis Blues : LHP Ramón Vázquez
Batting: RHB Júlio Rodríguez 0-0: Ball
1-0: Foul Ball, location: 2F
1-1: Ball
2-1: Fly out, F3 (Popup, 3SF)
Batting: RHB Jesús Castillo 0-0: Ball
1-0: Foul Ball, location: 2F
1-1: Ball
2-1: Ball
3-1: Swinging Strike
3-2: Base on Balls
Batting: RHB Randall Walker 0-0: Foul Ball, location: 2F
0-1: Ball
1-1: Ball
2-1: Foul Ball, location: 2F
2-2: Ball
3-2: Base on Balls
Jesús Castillo to second
Batting: RHB Jimmy King 0-0: Ball
1-0: Swinging Strike
1-1: Foul Ball, location: 2F
1-2: Ball
2-2: Fly out, F7 (Flyball, 7D)
Batting: RHB Joaquín Valenzuela 0-0: Swinging Strike
0-1: Foul Ball, location: 2F
0-2: Foul Ball, location: 2F
0-2: Ball
1-2: Foul Ball, location: 2F
1-2: TRIPLE (Flyball, 78XD)
Jesús Castillo scores
Randall Walker scores
Batting: SHB Félix Montoya 0-0: Fly out, F8 (Flyball, 8LD)
Top of the 4th over - 2 runs, 1 hit, 0 errors, 1 left on base; BlackIron 3 - Memphis 0
BOTTOM OF THE 4TH
Memphis Blues batting - Pitching for BlackIron Dragons : RHP Silvio Fiermonte
Batting: RHB Jesús Sánchez 0-0: Called Strike
0-1: Ball
1-1: Foul Ball, location: 2F
1-2: Fly out, F8 (Flyball, 8LS)
Batting: LHB Weston Chaney 0-0: Ball
1-0: Called Strike
1-1: Ball
2-1: Fly out, F7 (Flyball, 7S)
Batting: LHB Brenton Carter 0-0: Ball
1-0: SINGLE (Groundball, 6MD)
Batting: RHB Julian Lee 0-0: SINGLE (Flyball, 7LS)
Brenton Carter to second
Batting: SHB José Velásquez 0-0: Ball
1-0: Fly out, F8 (Flyball, 78M)
Bottom of the 4th over - 0 runs, 2 hits, 0 errors, 2 left on base; BlackIron 3 - Memphis 0
TOP OF THE 5TH
BlackIron Dragons batting - Pitching for Memphis Blues : LHP Ramón Vázquez
Batting: RHB Roderick Silva 0-0: Swinging Strike
0-1: Ball
1-1: Fly out, F8 (Flyball, 8RM)
Batting: LHB Miguel Barrón 0-0: Ground out 4-3 (Groundball, 4)
Batting: RHB Millard Long 0-0: Ball
1-0: Ball
2-0: Foul Ball, location: 2F
2-1: Foul Ball, location: 2F
2-2: Ball
3-2: Strikes out swinging
Top of the 5th over - 0 runs, 0 hits, 0 errors, 0 left on base; BlackIron 3 - Memphis 0
BOTTOM OF THE 5TH
Memphis Blues batting - Pitching for BlackIron Dragons : RHP Silvio Fiermonte
Batting: RHB Dennis Mays 0-0: Ball
1-0: Swinging Strike
1-1: Ball
2-1: Foul Ball, location: 2F
2-2: DOUBLE (Line Drive, 89D)
Batting: RHB Leopoldo Horgan 0-0: Ball
1-0: Ball
2-0: Ball
3-0: Called Strike
3-1: Foul Ball, location: 2F
3-2: Strikes out swinging
Batting: RHB Larry Crawford 0-0: Called Strike
0-1: Fly out, F8 (Flyball, 89D)
Runner from 2nd tags up, SAFE at 3rd, no throw
Batting: LHB Armando Domínguez 0-0: Ground out 4-3 (Groundball, 4)
Bottom of the 5th over - 0 runs, 1 hit, 0 errors, 1 left on base; BlackIron 3 - Memphis 0
TOP OF THE 6TH
BlackIron Dragons batting - Pitching for Memphis Blues : LHP Ramón Vázquez
Batting: RHB Júlio Rodríguez 0-0: Ball
1-0: Swinging Strike
1-1: Foul Ball, location: 2F
1-2: Ball
2-2: Foul Ball, location: 2F
2-2: Ball
3-2: DOUBLE (Flyball, 8LXD)
Batting: RHB Jesús Castillo 0-0: Called Strike
0-1: Ball
1-1: Ball
2-1: Ball
3-1: Called Strike
3-2: Foul Ball, location: 2F
3-2: Strikes out swinging
Batting: RHB Randall Walker 0-0: Ball
1-0: Ground out 1-3 (Groundball, 13)
Júlio Rodríguez to third
Batting: RHB Jimmy King 0-0: Called Strike
0-1: Ball
1-1: Ball
2-1: Swinging Strike
2-2: Strikes out swinging
Top of the 6th over - 0 runs, 1 hit, 0 errors, 1 left on base; BlackIron 3 - Memphis 0
BOTTOM OF THE 6TH
Memphis Blues batting - Pitching for BlackIron Dragons : RHP Silvio Fiermonte
Batting: RHB Jesús Sánchez 0-0: Ball
1-0: Foul Ball, location: 2F
1-1: Ball
2-1: Foul Ball, location: 2F
2-2: Hit by Pitch
Batting: LHB Weston Chaney 0-0: Ball
1-0: Called Strike
1-1: Ball
2-1: Ball
3-1: Base on Balls
Jesús Sánchez to second
Batting: LHB Brenton Carter 0-0: Ball
1-0: Ball
2-0: Foul Ball, location: 2F
2-1: Fly out, F8 (Flyball, 8LM)
Batting: RHB Julian Lee 0-0: Called Strike
0-1: Ball
1-1: Ball
2-1: Swinging Strike
2-2: Hit by Pitch
Jesús Sánchez to third
Weston Chaney to second
Batting: SHB José Velásquez 0-0: Swinging Strike
0-1: Called Strike
0-2: Strikes out swinging
Batting: RHB Dennis Mays 0-0: Fly out, F7 (Flyball, 7S)
Bottom of the 6th over - 0 runs, 0 hits, 0 errors, 3 left on base; BlackIron 3 - Memphis 0
TOP OF THE 7TH
BlackIron Dragons batting - Pitching for Memphis Blues : LHP Ramón Vázquez
Batting: RHB Joaquín Valenzuela 0-0: Ball
1-0: Swinging Strike
1-1: Ball
2-1: Ball
3-1: Base on Balls
Batting: SHB Félix Montoya 0-0: Grounds into double play, 1-4-3 (Groundball, 15S)
Batting: RHB Roderick Silva 0-0: Ball
1-0: Ball
2-0: Fly out, F8 (Flyball, 8LS)
Top of the 7th over - 0 runs, 0 hits, 0 errors, 0 left on base; BlackIron 3 - Memphis 0
BOTTOM OF THE 7TH
Memphis Blues batting - Pitching for BlackIron Dragons : RHP Silvio Fiermonte
Batting: RHB Leopoldo Horgan 0-0: Called Strike
0-1: Foul Ball, location: 2F
0-2: Ball
1-2: Ball
2-2: Ball
3-2: Foul Ball, location: 2F
3-2: Foul Ball, location: 2F
3-2: Strikes out swinging
Batting: RHB Larry Crawford 0-0: Called Strike
0-1: Swinging Strike
0-2: Strikes out swinging
Batting: LHB Armando Domínguez 0-0: Swinging Strike
0-1: Called Strike
0-2: Foul Ball, location: 2F
0-2: Foul Ball, location: 2F
0-2: SINGLE (Flyball, 89S)
Batting: RHB Jesús Sánchez 0-0: Ball
1-0: Fly out, F3 (Popup, 3S)
Bottom of the 7th over - 0 runs, 1 hit, 0 errors, 1 left on base; BlackIron 3 - Memphis 0
TOP OF THE 8TH
BlackIron Dragons batting - Pitching for Memphis Blues : LHP Ramón Vázquez
Batting: LHB Miguel Barrón 0-0: SINGLE (Groundball, 34) (infield hit)
Batting: RHB Millard Long 0-0: Ball
1-0: Bunted foul
1-1: Sac Bunt - play at first, batter OUT! 1-4
Miguel Barrón to second
Batting: RHB Júlio Rodríguez 0-0: Foul Ball, location: 2F
0-1: Ball
1-1: Swinging Strike
1-2: DOUBLE (Flyball, 78XD)
Miguel Barrón scores
Batting: RHB Jesús Castillo 0-0: SINGLE (Line Drive, 56)
Júlio Rodríguez to third
Runner from 3rd tries for Home, SAFE, no throw
Batting: RHB Randall Walker 0-0: Ball
1-0: Foul Ball, location: 2F
1-1: Ball
2-1: Called Strike
2-2: Ball
3-2: Base on Balls
Jesús Castillo to second
Batting: RHB Jimmy King 0-0: Ball
1-0: Ball
2-0: Ball
3-0: Base on Balls
Jesús Castillo to third
Randall Walker to second
Batting: RHB Joaquín Valenzuela 0-0: Ball
1-0: Ball
2-0: Ball
3-0: Base on Balls
Jesús Castillo scores
Randall Walker to third
Jimmy King to second
Batting: SHB Félix Montoya 0-0: Ball
1-0: Ball
2-0: Ball
Wild Pitch!
Randall Walker scores
Jimmy King to third
Joaquín Valenzuela to second
3-0: Called Strike
3-1: DOUBLE (Line Drive, 78D)
Jimmy King scores
Joaquín Valenzuela scores
Pitching: LHP Fernando Palácios
Batting: RHB Roderick Silva 0-0: Called Strike
0-1: Swinging Strike
0-2: Ball
1-2: Ball
2-2: Strikes out swinging
Batting: LHB Miguel Barrón 0-0: Ball
1-0: Foul Ball, location: 2F
1-1: Foul Ball, location: 2F
1-2: Ball
2-2: Strikes out swinging
Top of the 8th over - 6 runs, 4 hits, 0 errors, 1 left on base; BlackIron 9 - Memphis 0
BOTTOM OF THE 8TH
Memphis Blues batting - Pitching for BlackIron Dragons : RHP Silvio Fiermonte
Pitching: LHP Desi Wells
Batting: LHB Weston Chaney 0-0: Ball
1-0: Ball
2-0: Ground out 6-3 (Groundball, 6S)
Batting: LHB Brenton Carter 0-0: Called Strike
0-1: Foul Ball, location: 2F
0-2: Ball
1-2: Strikes out looking
Batting: RHB Julian Lee 0-0: Ball
1-0: Ball
2-0: Called Strike
2-1: Called Strike
2-2: Ball
3-2: Strikes out swinging
Bottom of the 8th over - 0 runs, 0 hits, 0 errors, 0 left on base; BlackIron 9 - Memphis 0
TOP OF THE 9TH
BlackIron Dragons batting - Pitching for Memphis Blues : LHP Fernando Palácios
Pinch Hitting: RHB Brady McIntyre 0-0: Ball
1-0: Foul Ball, location: 2F
1-1: Ball
2-1: Ball
3-1: Base on Balls
Batting: RHB Júlio Rodríguez 0-0: Ball
1-0: Ball
2-0: Foul Ball, location: 2F
2-1: Called Strike
2-2: Ball
3-2: Fly out, F8 (Flyball, 8LD)
Batting: RHB Jesús Castillo 0-0: DOUBLE (Flyball, 8RXD)
Brady McIntyre to third
Runner from 3rd tries for Home, SAFE, no throw
Batting: RHB Randall Walker 0-0: Ball
1-0: Called Strike
1-1: Foul Ball, location: 2F
1-2: Foul Ball, location: 2F
1-2: Ball
2-2: Strikes out swinging
Batting: RHB Jimmy King 0-0: Ball
1-0: Foul Ball, location: 2F
1-1: Ground out 4-3 (Groundball, 4D)
Top of the 9th over - 1 run, 1 hit, 0 errors, 1 left on base; BlackIron 10 - Memphis 0
BOTTOM OF THE 9TH
Memphis Blues batting - Pitching for BlackIron Dragons : LHP Desi Wells
Now at C: Luis Méndez
Now at 3B: Bernardo Corona
Batting: SHB José Velásquez 0-0: Called Strike
0-1: Ball
1-1: Ball
2-1: Swinging Strike
2-2: Ball
3-2: Ground out 5-3 (Groundball, 56)
Batting: RHB Dennis Mays 0-0: Called Strike
0-1: Fly out, F9 (Line Drive, 9)
Batting: RHB Leopoldo Horgan 0-0: Ball
1-0: Ball
2-0: Called Strike
2-1: Fly out, F8 (Flyball, 8RM)
Bottom of the 9th over - 0 runs, 0 hits, 0 errors, 0 left on base; BlackIron 10 - Memphis 0
Saturday, December 16th, 2017 - OOTP Baseball 18.8 Build 76